 Dungeon Crawl Stone Soup version 0.29-a0-270-g1586fc07ea (webtiles) character file.

Game seed: 7156986894637492635

498 croobank the Firebug (level 7, 0/50 HPs)
             Began as a Gnoll Fire Elementalist on Mar 7, 2022.
             Slain by Duvessa
             ... wielding a +0 short sword
              (17 damage)
             ... on level 5 of the Dungeon.
             The game lasted 00:11:42 (4055 turns).

croobank the Firebug (Gnoll Fire Elementalist)      Turns: 4055, Time: 00:11:43

Health: 0/50       AC:  3    Str:  7    XL:     7   Next: 16%
Magic:  0/15       EV: 14    Int: 16    God:
Gold:   243        SH:  0    Dex: 13    Spells: 7/17 levels left

rFire   . . .      SeeInvis .   u - +1 hand axe (venom)
rCold   . . .      Faith    .   s - orb {mayhem}
rNeg    . . .      Spirit   .   a - +0 robe
rPois   .          Reflect  .   (no helmet)
rElec   .          Harm     .   p - +0 cloak
rCorr   .          Rampage  .   (no gloves)
Will    .....                   (no boots)
Stlth   +++.......              (no amulet)
HPRegen 0.16/turn               (no ring)
MPRegen 0.14/turn               (no ring)

@: no status effects
A: fangs 1, strong nose, distributed training
a: no special abilities


You were on level 5 of the Dungeon.
You visited 1 branch of the dungeon, and saw 5 of its levels.

You collected 243 gold pieces.

Inventory:

Hand Weapons
 c - a +0 short sword
 f - a +0 dagger of venom
 j - a +0 war axe
 k - a +0 hand axe
 m - a +0 spear
 o - a +0 great sword
 u - a +1 hand axe of venom (weapon)
Missiles
 d - 72 stones
 t - 2 boomerangs (quivered)
 v - 2 poisoned darts
Armour
 a - a +0 robe (worn)
 e - a +0 kite shield
 p - a +0 cloak (worn)
 s - an orb of mayhem (worn)
Magical Staves
 q - a staff of earth
Scrolls
 l - a scroll of amnesia
 r - a scroll of torment
 x - a scroll of identify {unknown}
Potions
 b - 2 potions of magic
 g - 4 potions of attraction {unknown}
 h - a potion of brilliance {unknown}
 i - 2 potions of curing {unknown}
 n - a potion of heal wounds {unknown}
 w - a potion of might {unknown}
 z - a potion of ambrosia {unknown}


   Skills:
 + Level 2.3 Fighting
 + Level 2.3 Short Blades
 + Level 2.3 Long Blades
 + Level 2.3 Axes
 + Level 2.3 Maces & Flails
 + Level 2.3 Polearms
 + Level 2.3 Staves
 + Level 2.3 Slings
 + Level 2.3 Bows
 + Level 2.3 Crossbows
 + Level 2.3 Throwing
 + Level 2.3 Armour
 + Level 5.1 Dodging
 + Level 4.8 Stealth
 + Level 2.3 Shields
 + Level 2.3 Unarmed Combat
 + Level 5.5 Spellcasting
 + Level 2.8 Conjurations
 + Level 1.8 Hexes
 + Level 1.8 Summonings
 + Level 1.8 Necromancy
 + Level 1.8 Translocations
 + Level 1.8 Transmutations
 + Level 5.8 Fire Magic
 + Level 1.8 Ice Magic
 + Level 1.8 Air Magic
 + Level 1.8 Earth Magic
 + Level 1.8 Poison Magic
 + Level 2.5 Invocations
 + Level 2.3 Evocations


You had 7 spell levels left.
You knew the following spells:

 Your Spells              Type           Power      Damage    Failure   Level
a - Foxfire               Conj/Fire      72%        2x1d7     2%          1
b - Scorch                Fire           44%        2d7       1%          2
c - Flame Wave            Conj/Fire      18%        2d6       24%         4
d - Stone Arrow           Conj/Erth      24%        3d8       16%         3

Your spell library contained the following spells:

 Spells                   Type           Power      Damage    Failure   Level
 Sandblast                Erth           20%        2d7       7%          1
 Conjure Flame            Conj/Fire      18%        6-21      8%          3
 Inner Flame              Hex/Fire       16%        N/A       9%          3
 Passwall                 Tmut/Erth      8%         N/A       10%         2


Dungeon Overview and Level Annotations

Branches:
Dungeon (5/15)
 Temple: D:4-7

Altars:
Sif Muna

Annotations:
D:4 2 transporters, Hubris850's ghost, amateur MiHu
D:5 Duvessa


Innate Abilities, Weirdness & Mutations

You have very sharp teeth.
Your uncanny sense of smell can sniff out nearby items.
Your experience applies equally to all skills.


Message History

Confirm with . or Enter, or press ? or * to list all spells.
Flames lash Dowan.
Dowan is burned terribly!
You kill Dowan!
Duvessa screams in rage.
Duvessa goes berserk!
Casting: Scorch (safe; 1% risk of failure)
Confirm with . or Enter, or press ? or * to list all spells.
You can't see any susceptible monsters within range! (Use Z to cast anyway.)
Casting: Scorch (safe; 1% risk of failure)
Confirm with . or Enter, or press ? or * to list all spells.
You conjure some foxfire!
Casting: Foxfire (safe; 2% risk of failure)
Confirm with . or Enter, or press ? or * to list all spells.
Flames lash Duvessa.
Duvessa is lightly wounded.
Duvessa's fire resistance burns away.
The foxfire hits Duvessa but does no damage.
Duvessa is lightly wounded.
The foxfire hits Duvessa.
Duvessa is burned terribly!
Duvessa is moderately wounded.
Casting: Scorch (safe; 1% risk of failure)
Confirm with . or Enter, or press ? or * to list all spells.
Flames lash Duvessa.
Duvessa is burned terribly!
Duvessa is heavily wounded.
Duvessa hits you with a +0 short sword. Duvessa hits you with a +0 short sword!
Casting: Scorch (safe; 1% risk of failure)
Confirm with . or Enter, or press ? or * to list all spells.
Flames lash Duvessa but do no damage.
Duvessa hits you with a +0 short sword.
Casting: Scorch (safe; 1% risk of failure)
Confirm with . or Enter, or press ? or * to list all spells.
Flames lash Duvessa.
Duvessa is burned terribly!
Duvessa is heavily wounded.
Duvessa hits you with a +0 short sword. Duvessa closely misses you.
Casting: Scorch (safe; 1% risk of failure)
Confirm with . or Enter, or press ? or * to list all spells.
Flames lash Duvessa.
Duvessa is burned terribly!
Duvessa is severely wounded.
Duvessa hits you with a +0 short sword! Duvessa closely misses you.
Duvessa hits you with a +0 short sword!
You die...

...
................
..#
########.#####..≈
#.#
..............≈≈
#.#
#######..####§≈§
..# #######.## ##
.........# §
.........## §§§
..........##..≈≈≈
.........@e).....
........#.##.#.##
........#.. #
........##.#
........# ..
....... #..
####### ..# ..#


You could see Duvessa (berserk, combustible).

Vanquished Creatures
  An ogre (D:4)
  Dowan (D:5)
  A howler monkey (D:3)
  An orc priest (D:5)
  A hound (D:5)
  Jessica (D:2)
  Natasha (D:2)
  3 iguanas (D:4)
  3 adders
  A shadow imp (D:4)
  A white imp (D:5)
  2 worms
  2 dart slugs
  8 orcs
  9 endoplasms
  5 giant cockroaches
  7 goblins
  10 hobgoblins
  6 kobolds
  6 quokkas
  6 ball pythons
  2 bats
  6 rats
84 creatures vanquished.

Vanquished Creatures (collateral kills)
  An endoplasm (D:4)
1 creature vanquished.

Vanquished Creatures (others)
  149 foxfires
  A fungus (D:3)
150 creatures vanquished.

Grand Total: 235 creatures vanquished

Notes
Turn   | Place    | Note
-------+----------+-------------------------------------------
     0 | D:1      | croobank the Gnoll Fire Elementalist began the quest for
                  | the Orb.
     0 | D:1      | Reached XP level 1. HP: 13/13 MP: 6/6
   110 | D:1      | Reached XP level 2. HP: 19/19 MP: 5/7
   290 | D:1      | Learned a level 2 spell: Scorch
   569 | D:1      | Reached XP level 3. HP: 25/25 MP: 6/9
   626 | D:1      | Reached skill level 5 in Spellcasting
   867 | D:1      | Reached skill level 1 in Invocations
  1228 | D:2      | Noticed Jessica
  1234 | D:2      | Killed Jessica
  1235 | D:2      | Reached skill level 1 in Fighting
  1235 | D:2      | Reached skill level 1 in Short Blades
  1235 | D:2      | Reached skill level 1 in Long Blades
  1235 | D:2      | Reached skill level 1 in Axes
  1235 | D:2      | Reached skill level 1 in Maces & Flails
  1235 | D:2      | Reached skill level 1 in Polearms
  1235 | D:2      | Reached skill level 1 in Staves
  1235 | D:2      | Reached skill level 1 in Slings
  1235 | D:2      | Reached skill level 1 in Bows
  1235 | D:2      | Reached skill level 1 in Crossbows
  1235 | D:2      | Reached skill level 1 in Throwing
  1235 | D:2      | Reached skill level 1 in Armour
  1235 | D:2      | Reached skill level 1 in Shields
  1235 | D:2      | Reached skill level 1 in Unarmed Combat
  1235 | D:2      | Reached skill level 1 in Evocations
  1235 | D:2      | Reached XP level 4. HP: 32/32 MP: 6/11
  1556 | D:2      | Noticed Natasha
  1562 | D:2      | Killed Natasha
  1563 | D:2      | Reached skill level 1 in Hexes
  1563 | D:2      | Reached skill level 1 in Summonings
  1563 | D:2      | Reached skill level 1 in Necromancy
  1563 | D:2      | Reached skill level 1 in Translocations
  1563 | D:2      | Reached skill level 1 in Transmutations
  1563 | D:2      | Reached skill level 1 in Ice Magic
  1563 | D:2      | Reached skill level 1 in Air Magic
  1563 | D:2      | Reached skill level 1 in Earth Magic
  1563 | D:2      | Reached skill level 1 in Poison Magic
  1822 | D:3      | Reached XP level 5. HP: 37/37 MP: 6/12
  1874 | D:3      | Found a faded altar of an unknown god.
  1942 | D:3      | Learned a level 4 spell: Flame Wave
  1951 | D:3      | Found a shimmering blue altar of Sif Muna.
  2764 | D:4      | Found a transporter.
  2767 | D:4      | Noticed a wyvern
  2768 | D:4      | Found a transporter.
  2768 | D:4      | Noticed Hubris850's ghost (amateur MiHu)
  3207 | D:4      | Reached XP level 6. HP: 44/44 MP: 8/13
  3543 | D:4      | Reached skill level 5 in Dodging
  3853 | D:5      | Entered Level 5 of the Dungeon
  3891 | D:5      | Reached XP level 7. HP: 50/50 MP: 1/15
  3902 | D:5      | Learned a level 3 spell: Stone Arrow
  4044 | D:5      | Noticed Dowan
  4045 | D:5      | Noticed Duvessa
  4048 | D:5      | Killed Dowan
  4055 | D:5      | Slain by Duvessa

Illustrated notes

Levels and vault maps discovered:
D:1:      mrwooster_arrival_statue, layout_basic
D:2:      layout_rooms, uniq_jessica, uniq_natasha
D:3:      layout_basic, lemuel_blue_sif_altar, dreamdust_ecumenical_altar_grove
D:4:      layout_loops_corners, gammafunk_ghost_arena
D:5:      layout_basic, minmay_temple_entry_mist, uniq_duvessa,
          uniq_blork_the_orc, uniq_sigmund

Skill      XL: |  1  2  3  4  5  6 |
---------------+-------------------+-----
Conjurations   | 2 |  2.8
Spellcasting   | 5 |  5.5
Invocations    | 1 2 |  2.5
Fighting       | 1 2 |  2.3
Short Blades   | 1 2 |  2.3
Long Blades    | 1 2 |  2.3
Axes           | 1 2 |  2.3
Maces & Flails | 1 2 |  2.3
Polearms       | 1 2 |  2.3
Staves         | 1 2 |  2.3
Slings         | 1 2 |  2.3
Bows           | 1 2 |  2.3
Crossbows      | 1 2 |  2.3
Throwing       | 1 2 |  2.3
Armour         | 1 2 |  2.3
Shields        | 1 2 |  2.3
Unarmed Combat | 1 2 |  2.3
Evocations     | 1 2 |  2.3
Hexes          | 1 |  1.8
Summonings     | 1 |  1.8
Necromancy     | 1 |  1.8
Translocations | 1 |  1.8
Transmutations | 1 |  1.8
Ice Magic      | 1 |  1.8
Air Magic      | 1 |  1.8
Earth Magic    | 1 |  1.8
Poison Magic   | 1 |  1.8
Dodging        | 5 |  5.1
Stealth        | |  4.8
Fire Magic     | |  5.8

Action                   |  1- 3 |  4- 6 |  7- 9 || total
-------------------------+-------+-------+-------++-------
Melee: Short sword       |    15 |       |       ||    15
       Dagger            |       |    10 |       ||    10
       Hand axe          |       |     5 |     1 ||     6
       Bite              |       |     1 |       ||     1
 Cast: Foxfire           |    41 |    38 |     4 ||    83
       Scorch            |     7 |    36 |     8 ||    51
  Use: Scroll            |       |     6 |       ||     6
Armor: Robe              |     2 |     2 |       ||     4
Dodge: Dodged            |    14 |    10 |     2 ||    26

Table legend: (Time is in decaauts)
 A = Elapsed time spent in this place.
 B = Non-inter-level travel time spent in this place.
 C = Inter-level travel time spent in this place.
 D = Time resting spent in this place.
 E = Time spent auto-exploring this place.
 F = Levels seen in this place.
 G = Mean time per level.
                   A        B        C        D        E       F      G
               +--------+--------+--------+--------+--------+-----+--------+
         Total |   4054 |   3923 |    131 |    340 |   2852 |   5 |  810.8 |
       Dungeon |   4054 |   3923 |    131 |    340 |   2852 |   5 |  810.8 |
               +--------+--------+--------+--------+--------+-----+--------+

Top non-repeatable levels by time:
     D:4: 1334 daAuts
     D:1: 1032 daAuts
     D:2: 750 daAuts
     D:3: 735 daAuts
     D:5: 201 daAuts
